 Dungeon Crawl Stone Soup version 0.31-a0-325-g067879e3d3 (webtiles) character file.

Game seed: 856122919325297211

341 cforsyth the Changeling (level 6, 0/48 HPs)
             Began as a Vampire Shapeshifter on July 18, 2023.
             Slain by an iguana (11 damage)
             ... on level 5 of the Dungeon.
             The game lasted 00:05:06 (3401 turns).

cforsyth the Changeling (Vampire Shapeshifter)      Turns: 3401, Time: 00:05:06

Health: 0/48       AC: 12    Str: 16    XL:     6   Next: 30%
Magic:  6/6        EV:  7    Int: 11    God:
Gold:   249        SH:  0    Dex: 14    Spells: 5/5 levels left

rFire   . .          .
                       - Unarmed
rCold   . . .        (no shield)
rNeg    . . .        o - +0 chain mail
rPois   .            k - +1 helmet
rElec   .            e - +1 cloak
rCorr   .            (no gloves)
SInv    +            (no boots)
Will    .....        (no amulet) Stlth
                     (no ring)
HPRegen 0.48/turn    (no ring)
MPRegen 0.10/turn

%: no passive effects
@: healing quickly
A: alive, fangs 3, see invisible, vampiric 2
a: Exsanguinate


You were on level 5 of the Dungeon.
You visited 1 branch of the dungeon, and saw 5 of its levels.

You collected 249 gold pieces.

Inventory:

Armour
 a - a +0 animal skin
 e - a +1 cloak (worn)
 k - a +1 helmet (worn)
 o - a +0 chain mail (worn)
 s - a scarf of repulsion
Talismans
 c - a beast talisman
Scrolls
 d - 3 scrolls of immolation
 f - 2 scrolls of poison {unknown}
 h - 7 scrolls of identify {unknown}
 m - a scroll of silence {unknown}
 p - 2 scrolls of teleportation {unknown}
 q - a scroll of amnesia {unknown}
 r - a scroll of butterflies {unknown}
 v - a scroll of blinking {unknown}
Potions
 b - 2 potions of lignification
 g - 2 potions of attraction {unknown}
 i - 4 potions of enlightenment {unknown}
 j - 2 potions of curing {unknown}
 l - a potion of degeneration {unknown}
 n - 2 potions of mutation {unknown}
 t - a potion of cancellation {unknown}
 u - a potion of invisibility {unknown}


   Skills:
 + Level 3.8 Fighting
 - Level 2.1 Dodging
 + Level 4.5 Unarmed Combat
 + Level 4.7 Shapeshifting


You had 5 spell levels left.
You didn't know any spells.
Your spell library contained the following spells:

 Spells                   Type           Power      Damage    Failure   Level
 Cigotuvi's Dreadful Rot  Necr/Pois/Air  0%         N/A       100%        2
 Sublimation of Blood     Necr           0%         N/A       100%        2
 Wereblood                Tmut           0%         N/A       100%        2
 Dispel Undead            Necr           0%         3d6       100%        4
 Summon Forest            Summ/Tloc      0%         N/A       100%        5
 Summon Mana Viper        Hex/Summ       0%         N/A       100%        5
 Death Channel            Necr           0%         N/A       100%        6
 Summon Cactus Giant      Summ           0%         N/A       100%        6
 Summon Hydra             Summ           0%         N/A       100%        7


Dungeon Overview and Level Annotations

Branches:
Dungeon (5/15)
 Temple: D:4-7

Altars:
Sif Muna

Annotations:
D:4 1 runed translucent door, pigah's ghost, amateur OpSh


Innate Abilities, Weirdness & Mutations

Your natural rate of healing is accelerated.
You have razor-sharp teeth.
You have supernaturally acute eyesight. (SInv)
You are afflicted with vampirism and can become a bat while bloodless.


Message History

The black bear claws you but does no damage.
The black bear claws you.
You hit the black bear. You bite the black bear.
The black bear is severely wounded.
The black bear bites you but does no damage.
The black bear claws you but does no damage. x2
You barely miss the black bear.
The black bear is severely wounded.
The black bear bites you but does no damage.
The black bear completely misses you.
The black bear claws you but does no damage.
You hit the black bear but do no damage.
Your punch misses the black bear.
The black bear is severely wounded.
The iguana bites you!
The black bear bites you but does no damage.
The black bear claws you but does no damage. x2
You hit the black bear but do no damage.
The black bear is heavily wounded.
The iguana closely misses you.
The black bear bites you but does no damage.
The black bear barely misses you.
The black bear claws you but does no damage.
You hit the black bear. You bite the black bear.
The black bear is severely wounded.
You hit the black bear but do no damage.
The black bear is severely wounded.
The iguana bites you but does no damage.
The black bear bites you but does no damage.
The black bear claws you but does no damage. x2
You hit the black bear but do no damage.
The black bear is severely wounded.
The iguana bites you! The black bear bites you.
* * * LOW HITPOINT WARNING * * *
The black bear claws you but does no damage.
The black bear claws you.
* * * LOW HITPOINT WARNING * * *
You are too injured to fight recklessly!
The iguana attacks as you move away! The iguana bites you!
You die...

##########.............
#..............).......
#...............######
#.........)....<+
#...............#
#...............#
#######'##......#
#.......#####+##
#....@.......
#...hl.......
#.............
#.......##....
#.......# ....
#.......# #+# #........
#......... #.......##.


You could see a black bear and an iguana.

Vanquished Creatures
  A scorpion (D:4)
  3 orc priests
  An iguana (D:2)
  2 orc wizards
  5 adders
  A dart slug (D:1)
  A worm (D:2)
  9 orcs
  5 endoplasms
  3 giant cockroaches (D:1)
  4 goblins
  3 hobgoblins
  3 jackals (D:2)
  7 kobolds
  A quokka (D:3)
  7 ball pythons
  3 bats
  5 rats
64 creatures vanquished.

Notes
Turn   | Place    | Note
-------+----------+-------------------------------------------
     0 | D:1      | cforsyth the Vampire Shapeshifter began the quest for the
                  | Orb.
     0 | D:1      | Reached XP level 1. HP: 16/16 MP: 1/1
   168 | D:1      | Reached XP level 2. HP: 21/22 MP: 2/2
   708 | D:2      | HP: 1/23 [poisoned by an adder]
   709 | D:2      | Gained mutation: You are afflicted with vampirism and can
                  | become a bat while bloodless. [Vampire growth]
   709 | D:2      | Reached XP level 3. HP: 2/28 MP: 3/3
   736 | D:2      | Found a shimmering blue altar of Sif Muna.
   808 | D:2      | Found a faded altar of an unknown god.
   892 | D:2      | Reached XP level 4. HP: 34/34 MP: 4/4
  1475 | D:4      | Reached XP level 5. HP: 27/41 MP: 5/5
  2161 | D:4      | Reached XP level 6. HP: 46/48 MP: 6/6
  2713 | D:4      | Found a runed translucent door.
  2741 | D:4      | Noticed pigah's ghost (amateur OpSh)
  2997 | D:5      | Entered Level 5 of the Dungeon
  3401 | D:5      | Slain by an iguana

Illustrated notes

Levels and vault maps discovered:
D:1:      lightli_arrival_flooded_house, layout_basic
D:2:      layout_basic, ebering_ecumenical_altar_webs, basic_altar
D:3:      layout_loops_ring
D:4:      layout_basic, ebering_ghost_inner_flame, patterned_corridor
D:5:      layout_gridville, mainiacjoe_overflow_catch_the_wave,
          minmay_temple_entry_oklob

Skill      XL: |  1  2  3  4  5 |
---------------+----------------+-----
Fighting       | 2 3 |  3.8
Unarmed Combat | 3 4 |  4.5
Shapeshifting  | 4 |  4.7
Dodging        | |  2.1

Action                     |  1- 3 |  4- 6 || total
---------------------------+-------+-------++-------
  Melee: Unarmed           |   133 |   179 ||   312
         Bite              |    13 |    21 ||    34
         Punch             |     1 |     5 ||     6
Ability: Begin Untransform |     1 |       ||     1
    Use: Potion            |     1 |       ||     1
   Stab: Sleeping          |     1 |     1 ||     2
 Armour: Animal skin       |    47 |     4 ||    51
         Chain mail        |       |   111 ||   111
  Dodge: Dodged            |    88 |    68 ||   156

Table legend: (Time is in decaauts)
 A = Elapsed time spent in this place.
 B = Non-inter-level travel time spent in this place.
 C = Inter-level travel time spent in this place.
 D = Time resting spent in this place.
 E = Time spent auto-exploring this place.
 F = Levels seen in this place.
 G = Mean time per level.
                   A        B        C        D        E       F      G
               +--------+--------+--------+--------+--------+-----+--------+
         Total |   3382 |   3170 |    212 |    209 |   2342 |   5 |  676.4 |
       Dungeon |   3382 |   3170 |    212 |    209 |   2342 |   5 |  676.4 |
               +--------+--------+--------+--------+--------+-----+--------+

Top non-repeatable levels by time:
     D:4: 1322 daAuts
     D:3: 739 daAuts
     D:1: 638 daAuts
     D:2: 620 daAuts
     D:5: 62 daAuts
